 Dungeon Sprint DCSS version 0.29-a0-468-ge57f7f99b4 (webtiles) character file.

Game seed: 2329841605053059186

40029 mhtbhm the Executioner (level 13, -10/199 HPs)
             Began as a Palentonga Berserker on May 21, 2022.
             Was the Champion of Trog.
             Mangled by Gicah the pandemonium lord (16 damage)
             ... in the Dungeon (Sprint VII: "The Pits").
             The game lasted 00:12:17 (4845 turns).

mhtbhm the Executioner (Palentonga Berserker)       Turns: 4845, Time: 00:12:17

Health: -10/199    AC: 26    Str: 42    XL:     13   Next: 72%
Magic:  13/13      EV:  9    Int:  7    God:    Trog [******]
Gold:   41         SH:  0    Dex:  9    Spells: 12/12 levels left

rFire   + . .      SeeInvis +   a - +4 battleaxe of Mandamus {vorpal, Fragile Str+6 Stlth+}
rCold   + . .      Faith    .   (shield currently unavailable)
rNeg    . . .      Spirit   .   b - +2 plate armour {Will+}
rPois   +          Reflect  .   q - +0 hat "Tuczarah" {Str+2}
rElec   +          Harm     .   K - scarf {repulsion}
rCorr   .          Rampage  .   J - +1 pair of gloves
Will    ++...      NoTele   +   (no barding)
Stlth   ..........              B - amulet of Orche {rElec rPois rF+ Regen+ Str+4}
HPRegen 1.23/turn               m - +3 ring of strength
MPRegen 0.13/turn               u - ring of protection from cold

@: berserking (expiring), repel missiles, curled up, very quick
A: large, rugged brown scales 3, see invisible, deformed body, roll 1, armoured
tail, reflexive curl, strong-willed 1
a: Rolling Charge, Renounce Religion, Berserk, Trog's Hand, Brothers in Arms


You were in the Dungeon.
You worshipped Trog.
Trog was exalted by your worship.
You visited 1 branch You collected 41 gold pieces.

Inventory:

Hand Weapons
 a - the +4 battleaxe of Mandamus (weapon) {vorpal, Fragile Str+6 Stlth+}
   (Trog gifted it to you in the Dungeon)

   It inflicts extra damage upon your enemies.
   Str:       It affects your strength (+6).
   Fragile:   It will be destroyed if unequipped.
   Stlth:     It makes you more stealthy.
 k - a +3 battleaxe of flaming
 r - a +5 executioner's axe
 C - a +7 war axe of flaming
 E - a +2 morningstar of holy wrath
 H - the +4 battleaxe of Ahoeph {vorpal, rElec rPois Dex+2}
   (Trog gifted it to you in the Dungeon)

   It inflicts extra damage upon your enemies.
   Dex:       It affects your dexterity (+2).
   rElec:     It insulates you from electricity.
   rPois:     It protects you from poison.
 L - a +9 broad axe
Missiles
 l - 2 boomerangs
Armour
 b - a +2 plate armour of willpower (worn)
 p - a +0 helmet
 q - the +0 hat "Tuczarah" (worn) {Str+2}
   (You found it in the Dungeon)

   Str:       It affects your strength (+2).
 J - a +1 pair of gloves (worn)
 K - a scarf of repulsion (worn)
Jewellery
 m - a +3 ring of strength (left hand)
 u - a ring of protection from cold (right hand)
 A - a ring of positive energy
 B - the amulet of Orche (around neck) {rElec rPois rF+ Regen+ Str+4}
   (You found it in the Dungeon)

   [amulet of regeneration]

   Str:       It affects your strength (+4).
   rF:        It protects you from fire.
   rElec:     It insulates you from electricity.
   rPois:     It protects you from poison.
   Regen:     It increases your rate of health regeneration.
 F - the amulet of Ciopyvve {Reflect *Corrode rElec Will++ Regen+ Int+3 SH+5}
   (You took it off a centaur in the Dungeon)

   [amulet of reflection]

   It reflects blocked missile attacks.
   Int:       It affects your intelligence (+3).
   rElec:     It insulates you from electricity.
   Regen:     It increases your rate of health regeneration.
   *Corrode:  It may corrode you when you take damage.
   SH:        It affects your SH (+5).
   Will:      It greatly increases your willpower.
 G - the amulet "Ogics" {RegenMP Fragile rElec rCorr}
   (You took it off a purple draconian in the Dungeon)

   [amulet of magic regeneration]

   It increases your rate of magic regeneration.
   rElec:     It insulates you from electricity.
   rCorr:     It protects you from acid and corrosion.
   Fragile:   It will be destroyed if unequipped.
Wands
 o - a wand of flame (19) (quivered)
Scrolls
 h - 2 scrolls of blinking
 i - a scroll of summoning
 t - a scroll of identify
 w - a scroll of poison
 x - 3 scrolls of fog
 y - a scroll of fear
 z - 4 scrolls of enchant armour
Potions
 c - a potion of invisibility
 d - 12 potions of heal wounds
 e - 3 potions of haste
 f - 4 potions of magic
 g - 4 potions of berserk rage
 j - 10 potions of curing
 n - a potion of resistance
 s - a potion of might
Miscellaneous
 v - a phantom mirror (inert)
 D - a tin of tremorstones (2/2)
 I - a condenser vane


   Skills:
 + Level 19.0 Fighting
 + Level 22.0 Axes
 + Level 2.1 Throwing
 + Level 15.5 Armour
 + Level 8.7 Dodging
 + Level 9.7 Stealth
 + Level 5.7 Evocations


You had 12 spell levels left.
You didn't know any spells.
Your spell library was empty.

Dungeon Overview and Level Annotations

Branches:
Dungeon (1/1)

Altars:


Innate Abilities, Weirdness & Mutations

You are completely covered in rugged brown scales. (AC +3, +7% HP)
You have supernaturally acute eyesight. (SInv)
Armour fits poorly on your strangely shaped body.
You can roll at nearby foes to attack.
You have a long armoured tail.
You curl defensively after being hit. (AC +7*)
You are strong-willed. (Will+)


Message History

Gicah is moderately wounded.
Gicah stings you!
Your troll bites Gicah but does no damage.
Your troll barely misses Gicah.
Your troll claws Gicah!
Gicah stings Gicah but does no damage.
Unknown command.
You closely miss Gicah.
Gicah is moderately wounded.
Unknown command.
You hit Gicah but do no damage.
Gicah is moderately wounded.
Gicah stings you!
* * * LOW HITPOINT WARNING * * *
You writhe in agony.
* * * LOW HITPOINT WARNING * * *
Gicah closely misses Gicah.
Your troll barely misses Gicah.
Your troll claws Gicah but does no damage.
Your troll claws Gicah.
You closely miss Gicah.
Your tail-slap misses Gicah.
Gicah is heavily wounded.
Gicah shimmers and vanishes!
Gicah stings you!!
* * * LOW HITPOINT WARNING * * *
You writhe in agony!
* * * LOW HITPOINT WARNING * * *
Your troll bites Gicah but does no damage.
Your troll closely misses Gicah.
Your troll claws Gicah but does no damage.
Unknown command.
Press: ? - help, v - describe, . - travel
Here: Gicah, armed with a painful touch (heavily wounded, ally target)
The floor, spattered with blood.
Unknown command.
You completely miss Gicah. You tail-slap Gicah.
Gicah is heavily wounded.
Unknown command.
Unknown command.
Your troll rages.
Gicah stings you!
You die...

################'#
.................#
.................#
'##############).#
....#[.'...'[[#.)#
).).#[[#...#[[#..#
)#######...####.T#
))).#.........#.&#
))..)...).....#.@#
....#.........#..#
.####.##'###'##..#
##..#.#[[#.[[[#..#
#..'.#[[#[[[[#..#
##############++#


You could see Gicah (ally target) and a friendly troll (summoned, berserk).

Vanquished Creatures
  An emperor scorpion (D)
  A fire giant (D)
  2 orc warlords (D)
  A vampire knight (D)
  2 black draconians (D)
  A minotaur (D)
  A purple draconian (D)
  A red draconian (D)
  An eidolon (D)
  Josephine (D)
  A yaktaur captain (D)
  2 hydras (D)
  2 vault guards (D)
  A catoblepas (D)
  A centaur warrior (D)
  3 naga warriors (D)
  2 death yaks (D)
  2 deep elf knights (D)
  A sun demon (D)
  A large abomination (D)
  A spriggan druid (D)
  3 deep trolls (D)
  A phantasmal warrior (D)
  6 orc knights (D)
  2 deep elf zephyrmancers (D)
  A manticore (D)
  A black mamba (D)
  An orange demon (D)
  Psyche (D)
  2 unseen horrors (D)
  An efreet (D)
  A demonic crawler (D)
  2 komodo dragons (D)
  A freezing wraith (D)
  2 guardian mummies (D)
  An ice devil (D)
  A hellwing (D)
  A wind drake (D)
  2 wandering mushrooms (D)
  2 hornets (D)
  7 blink frogs (D)
  7 dream sheep (D)
  An air elemental (D)
  Eustachio (D)
  A fire bat (D)
  A wyvern (D)
  13 yaks (D)
  A ynoxinul (D)
  4 wraiths (D)
  A fire elemental (D)
  2 redbacks (D)
  3 neqoxecs (D)
  A warg (D)
  An acid dragon (D)
  A floating eye (D)
  A sky beast (D)
  8 wolves (D)
  3 centaurs (D)
  A bullfrog (D)
  6 killer bees (D)
  A quasit (D)
  An orc priest (D)
  A gnoll shaman (D)
  An iguana (D)
  An orc wizard (D)
  A mummy (D)
  7 gnolls (D)
  2 adders (D)
  A white imp (D)
  An adder zombie (D)
  A worm (D)
  8 orcs (D)
  2 bats (D)
  2 giant cockroaches (D)
  8 jackals (D)
  3 quokkas (D)
  A kobold (D)
  A quokka simulacrum (D)
168 creatures vanquished.

Vanquished Creatures (collateral kills)
  A deep troll (D)
  A wizard (D)
  3 orc knights (D)
  A neqoxec (D)
  A river rat (D)
7 creatures vanquished.

Vanquished Creatures (others)
  A vault guard (D)
  An ice dragon (D)
2 creatures vanquished.

Grand Total: 177 creatures vanquished

Notes
Turn   | Place    | Note
-------+----------+-------------------------------------------
     0 | D        | mhtbhm the Palentonga Berserker began the quest for the
                  | Orb.
     0 | D        | Reached XP level 1. HP: 19/19 MP: 1/1
    30 | D        | Reached ** piety under Trog
   194 | D        | Reached skill level 4 in Axes
   194 | D        | Reached XP level 2. HP: 25/26 MP: 2/2
   196 | D        | Reached *** piety under Trog
   353 | D        | Reached XP level 3. HP: 30/33 MP: 3/3
   380 | D        | Noticed a floating eye
   390 | D        | Reached **** piety under Trog
   400 | D        | Reached skill level 5 in Axes
   402 | D        | Paralysed by a floating eye for 2 turns
   406 | D        | Reached skill level 5 in Fighting
   407 | D        | Paralysed by a floating eye for 2 turns
   410 | D        | Killed a floating eye
   411 | D        | Reached skill level 7 in Axes
   411 | D        | Reached XP level 4. HP: 27/43 MP: 4/4
   411 | D        | Reached XP level 5. HP: 32/50 MP: 5/5
   595 | D        | Reached ***** piety under Trog
   601 | D        | Reached skill level 8 in Axes
   601 | D        | Received a gift from Trog
   601 | D        | Noticed a sky beast
   607 | D        | Reached XP level 6. HP: 58/58 MP: 6/6
   609 | D        | Killed a sky beast
   610 | D        | Reached skill level 9 in Axes
   741 | D        | Noticed a fire bat
   746 | D        | Killed a fire bat
   747 | D        | Reached skill level 10 in Axes
   747 | D        | Reached skill level 5 in Dodging
   814 | D        | Received a gift from Trog
   815 | D        | Gained mutation: You curl defensively after being hit. (AC
                  | +7*) [Palentonga growth]
   815 | D        | Reached XP level 7. HP: 67/67 MP: 7/7
   847 | D        | Noticed an air elemental
   847 | D        | Paralysed by an air elemental for 1 turns
   848 | D        | Reached ****** piety under Trog
   854 | D        | Killed an air elemental
   855 | D        | Reached skill level 11 in Axes
   856 | D        | Received a gift from Trog
  1020 | D        | Noticed a yak
  1020 | D        | Noticed a yak
  1021 | D        | Noticed a yak
  1022 | D        | Noticed a yak
  1023 | D        | Noticed a yak
  1023 | D        | Noticed a yak
  1027 | D        | Killed a yak
  1028 | D        | Reached skill level 5 in Armour
  1031 | D        | Killed a yak
  1031 | D        | Killed a yak
  1032 | D        | Reached skill level 10 in Fighting
  1032 | D        | Reached skill level 12 in Axes
  1032 | D        | Reached XP level 8. HP: 34/77 MP: 8/8
  1036 | D        | Reached skill level 13 in Axes
  1264 | D        | Noticed Josephine
  1264 | D        | Noticed a vampire knight
  1273 | D        | Killed a vampire knight
  1273 | D        | Identified the +1 battleaxe of the Exiled Persimmons
                  | {vorpal, Dex+7} (Trog gifted it to you in the Dungeon)
  1273 | D        | Received a gift from Trog
  1274 | D        | Reached skill level 14 in Axes
  1274 | D        | Reached XP level 9. HP: 70/86 MP: 9/9
  1276 | D        | Killed Josephine
  1277 | D        | Reached skill level 15 in Axes
  1279 | D        | Received a gift from Trog
  1442 | D        | Noticed a manticore
  1450 | D        | Killed a manticore
  1451 | D        | Reached XP level 10. HP: 64/95 MP: 10/10
  1453 | D        | Gained mutation: You sometimes lose the ability to read
                  | scrolls when taking damage. [a neqoxec]
  1455 | D        | Reached skill level 16 in Axes
  1622 | D        | Noticed a six-headed hydra
  1626 | D        | Killed a four-headed hydra
  1736 | D        | Noticed a spriggan druid
  1740 | D        | Killed a spriggan druid
  1740 | D        | Received a gift from Trog
  1741 | D        | Reached skill level 10 in Armour
  1756 | D        | Reached skill level 17 in Axes
  1898 | D        | Paralysed by a hornet for 3 turns
  2138 | D        | Received a gift from Trog
  2141 | D        | Noticed a deep troll
  2141 | D        | Noticed a deep elf zephyrmancer
  2150 | D        | Killed a deep troll
  2150 | D        | Killed a deep elf zephyrmancer
  2151 | D        | Reached XP level 11. HP: 104/104 MP: 11/11
  2154 | D        | Received a gift from Trog
  2624 | D        | Received a gift from Trog
  2627 | D        | Reached skill level 18 in Axes
  2646 | D        | HP: 5/107 [poisoned by an orange demon]
  3033 | D        | Received a gift from Trog
  3078 | D        | Noticed a catoblepas
  3084 | D        | Received a gift from Trog
  3086 | D        | Reached skill level 1 in Stealth
  3091 | D        | Killed a catoblepas
  3406 | D        | Noticed Eustachio
  3406 | D        | Noticed a six-headed hydra
  3407 | D        | Noticed Psyche
  3412 | D        | Received a gift from Trog
  3416 | D        | Reached skill level 15 in Fighting
  3419 | D        | Received a gift from Trog
  3420 | D        | Killed a three-headed hydra
  3430 | D        | Killed Psyche
  3430 | D        | Identified the +0 battleaxe of Egalitarianism {antimagic,
                  | rN+} (Trog gifted it to you in the Dungeon)
  3430 | D        | Received a gift from Trog
  3436 | D        | Killed Eustachio
  3440 | D        | Reached skill level 19 in Axes
  3440 | D        | Reached skill level 5 in Stealth
  3440 | D        | Reached XP level 12. HP: 117/117 MP: 12/12
  3534 | D        | Lost mutation: You sometimes lose the ability to read
                  | scrolls when taking damage. [potion of mutation]
  3534 | D        | Gained mutation: You are strong-willed. (Will+) [potion of
                  | mutation]
  3720 | D        | Noticed a black draconian
  3720 | D        | Noticed a red draconian
  3729 | D        | Killed a black draconian
  3735 | D        | Killed a red draconian
  3741 | D        | Identified the +4 battleaxe of Mandamus {vorpal, Fragile
                  | Str+6 Stlth+} (Trog gifted it to you in the Dungeon)
  3741 | D        | Received a gift from Trog
  3749 | D        | Got the amulet of Orche {rElec rPois rF+ Regen+ Str+4}
  3964 | D        | Noticed a minotaur
  3964 | D        | Noticed an eidolon
  3965 | D        | Noticed a death yak
  3970 | D        | Killed a minotaur
  3972 | D        | Received a gift from Trog
  3974 | D        | Noticed a centaur warrior
  3975 | D        | Reached skill level 1 in Evocations
  3975 | D        | Killed a centaur warrior
  3977 | D        | Killed a death yak
  3983 | D        | Killed an eidolon
  3990 | D        | Killed an ice dragon
  3994 | D        | Noticed an emperor scorpion
  3995 | D        | Identified the amulet "Ogics" {RegenMP Fragile rElec rCorr}
  3995 | D        | Noticed a purple draconian
  4010 | D        | Reached skill level 20 in Axes
  4011 | D        | Killed an emperor scorpion
  4011 | D        | Received a gift from Trog
  4015 | D        | Killed a purple draconian
  4097 | D        | Identified the +5 long sword of Subjectivity {spect, Str+3}
  4097 | D        | Identified the amulet of Ciopyvve {Reflect *Corrode rElec
                  | Will++ Regen+ Int+3 SH+5}
  4104 | D        | Noticed a death yak
  4110 | D        | Killed a death yak
  4126 | D        | Identified the +4 battleaxe of Ahoeph {vorpal, rElec rPois
                  | Dex+2} (Trog gifted it to you in the Dungeon)
  4126 | D        | Received a gift from Trog
  4223 | D        | Noticed an orc warlord
  4223 | D        | Noticed an orc warlord
  4228 | D        | Reached XP level 13. HP: 129/129 MP: 13/13
  4235 | D        | Received a gift from Trog
  4236 | D        | Reached skill level 21 in Axes
  4236 | D        | Reached skill level 15 in Armour
  4238 | D        | Killed an orc warlord
  4243 | D        | Killed an orc warlord
  4248 | D        | Noticed a fire giant
  4256 | D        | Received a gift from Trog
  4265 | D        | Killed a fire giant
  4266 | D        | Reached skill level 1 in Throwing
  4269 | D        | Reached skill level 5 in Evocations
  4270 | D        | Received a gift from Trog
  4599 | D        | Got the +0 hat "Tuczarah" {Str+2}
  4723 | D        | Noticed a black draconian
  4738 | D        | Killed a black draconian
  4738 | D        | Received a gift from Trog
  4739 | D        | Reached skill level 22 in Axes
  4830 | D        | Noticed Gicah the pandemonium lord
  4843 | D        | HP: 4/199 [Gicah the pandemonium lord (13)]
  4845 | D        | Mangled by Gicah the pandemonium lord

Illustrated notes

Levels and vault maps discovered:
D:        pitsprint [storerooms_1, entrance_room_1, metal_vault_1, armoury_2,
          mini_pit_1, grid_room_1, main_hall_1, silver_pit, the_coven_1,
          the_vestibule_1, steel_vault_4, golden_pit, hallway_of_sentries,
          crystal_vault_1, iron_vault_1, final_vault]

Skill      XL: |  1  2  3  4  5  6  7  8  9 10 11 12 13 |
---------------+----------------------------------------+-----
Fighting       | 4 6 7 8 10 11 13 15 17 19 | 19.0
Axes           | 4 7 8 10 12 14 15 17 19 20 22 | 22.0
Armour         | 2 3 4 5 7 9 11 13 14 15 | 15.5
Dodging        | 2 3 4 5 6 7 8 |  8.7
Stealth        | 5 7 9 |  9.7
Evocations     | 2 5 |  5.7
Throwing       | 2 |  2.1

Action                   |  1- 3 |  4- 6 |  7- 9 | 10-12 | 13-15 || total
-------------------------+-------+-------+-------+-------+-------++-------
Melee: Hand axe          |    50 |    17 |       |       |       ||    67
       Tailslap          |     6 |     4 |     6 |    40 |     6 ||    62
       War axe           |       |     5 |    50 |   156 |       ||   211
       Punch             |       |       |     1 |     1 |       ||     2
       Battleaxe         |       |       |       |    56 |    49 ||   105
Throw: Boomerang         |       |       |       |       |     7 ||     7
Invok: Berserk           |     2 |     1 |     3 |     8 |     1 ||    15
       Brothers in Arms  |       |       |       |     4 |     1 ||     5
       Trog's Hand       |       |       |       |     1 |       ||     1
 Abil: Rolling Charge    |     2 |       |     2 |     2 |       ||     6
Evoke: Tin of tremorston |       |       |       |     4 |     3 ||     7
       Phantom mirror    |       |       |       |     3 |     4 ||     7
       Condenser vane    |       |       |       |     1 |     3 ||     4
       Wand              |       |       |       |       |     4 ||     4
  Use: Potion            |     1 |       |       |     7 |       ||     8
       Scroll            |       |       |       |       |     1 ||     1
 Stab: Petrified         |       |       |       |     7 |       ||     7
       Petrifying        |       |       |       |     3 |       ||     3
       Distracted        |       |       |       |     1 |       ||     1
       Invisible         |       |       |       |       |     7 ||     7
       Confused          |       |       |       |       |     3 ||     3
Armor: Animal skin       |    16 |       |       |       |       ||    16
       Ring mail         |       |     7 |     3 |       |       ||    10
       Chain mail        |       |       |    16 |   118 |     6 ||   140
       Plate armour      |       |       |       |       |     6 ||     6
Dodge: Dodged            |    20 |     7 |    24 |    76 |     5 ||   132

Table legend: (Time is in decaauts)
 A = Elapsed time spent in this place.
 B = Non-inter-level travel time spent in this place.
 C = Inter-level travel time spent in this place.
 D = Time resting spent in this place.
 E = Time spent auto-exploring this place.
 F = Levels seen in this place.
 G = Mean time per level.
                   A        B        C        D        E       F      G
               +--------+--------+--------+--------+--------+-----+--------+
         Total |   4867 |   4867 |      0 |   3229 |      0 |   1 | 4867.0 |
       Dungeon |   4867 |   4867 |      0 |   3229 |      0 |   1 | 4867.0 |
               +--------+--------+--------+--------+--------+-----+--------+

Top non-repeatable levels by time:
       D: 4867 daAuts
